 Dungeon Crawl Stone Soup version 0.30-a0-782-ge64f9170bb (webtiles) character file.

Game seed: 12868046318472244902

175 funkygono the Firebug (level 5, -2/28 HPs)
             Began as a Gargoyle Fire Elementalist on Feb 20, 2023.
             Slain by an iguana (8 damage)
             ... on level 4 of the Dungeon.
             The game lasted 00:05:24 (3753 turns).

funkygono the Firebug (Gargoyle Fire Elementalist)  Turns: 3753, Time: 00:05:25

Health: -2/28      AC:  7    Str: 11    XL:     5   Next: 55%
Magic:  7/10       EV: 12    Int: 18    God:
Gold:   243        SH:  0    Dex: 10    Spells: 3/11 levels left

rFire   . . .      SeeInvis .    k - +1 whip
rCold   . . .      Faith    .    (no shield)
rNeg    + . .      Spirit   .    a - +0 robe
rPois   ∞          Reflect  .    c - +0 helmet
rElec   +          Harm     .    (no cloak)
rCorr   .          Rampage  .    (no gloves)
Will    .....                    (no boots)
Stlth   ++                       (no amulet)
HPRegen 0.24/turn                (no ring)
MPRegen 0.12/turn                (no ring)

@: very slightly contaminated
A: sickness immunity, AC +4, negative energy resistance 1, electricity
resistance, torment resistance 1, petrification resistance
a: no special abilities


You were on level 4 of the Dungeon.
You visited 1 branch of the dungeon, and saw 4 of its levels.

You collected 243 gold pieces.

Inventory:

Hand Weapons
 k - a +1 whip (weapon)
Armour
 a - a +0 robe (worn)
 c - a +0 helmet (worn)
 u - an orb of mayhem
Wands
 s - a wand of flame (4)
Scrolls
 h - a scroll of blinking
 l - a scroll of amnesia
Potions
 e - a potion of mutation {unknown}
 f - 3 potions of attraction {unknown}
 g - 5 potions of curing {unknown}
 i - a potion of brilliance {unknown}
 m - a potion of might {unknown}
 o - a potion of ambrosia {unknown}
 q - a potion of haste {unknown}
 r - a potion of flight {unknown}
 t - a potion of resistance {unknown}


   Skills:
 + Level 2.1 Dodging
 - Level 2.1 Stealth
 + Level 3.6 Spellcasting
 + Level 2.6 Conjurations
 + Level 4.1 Fire Magic


You had 3 spell levels left.
You knew the following spells:

 Your Spells              Type           Power      Damage    Failure   Level
a - Foxfire               Conj/Fire      60%        2x1d7     3%          1
b - Scorch                Fire           36%        2d7       4%          2
c - Flame Wave            Conj/Fire      15%        2d7       36%         4
d - Shock                 Conj/Air       28%        1d4       9%          1

Your spell library contained the following spells:

 Spells                   Type           Power      Damage    Failure   Level
 Apportation              Tloc           6%         N/A       16%         1
 Necrotise                Necr           12%        1d4       16%         1
 Summon Small Mammal      Summ           12%        N/A       16%         1
 Inner Flame              Hex/Fire       10%        N/A       21%         3
 Kindle Blastsparks       Fire/Tloc/Air  16%        2d11      26%         3
 Swiftness                Air            3%         N/A       43%         3
 Airstrike                Air            1%         2d(1-17)  83%         4


Dungeon Overview and Level Annotations

Branches:
Dungeon (4/15)
 Temple: D:4-7

Altars:
Trog
Vehumet


Innate Abilities, Weirdness & Mutations

You are immune to sickness and miasma.
Your stone body is resilient. (AC +4)
You are immune to poison.
You resist negative energy. (rN+)
You are resistant to electric shocks. (rElec)
You are resistant to unholy torment.
You are immune to petrification.


Message History

Unknown command.
Casting: Foxfire (safe; 4% risk of failure)
Confirm with . or Enter, or press ? or * to list all spells.
Flames lash the giant cockroach.
You kill the giant cockroach!
The foxfire hits the scorpion.
The scorpion is almost dead.
The foxfire hits the scorpion but does no damage.
The scorpion is almost dead.
The foxfire hits the scorpion but does no damage.
The scorpion is almost dead.
The iguana closely misses you. The scorpion barely misses you.
Unknown command.
Casting: Scorch (safe; 4% risk of failure)
Confirm with . or Enter, or press ? or * to list all spells.
You miscast Foxfire.
You are very lightly contaminated with residual magic.
Nothing appears to happen.
The scorpion stings you but does no damage.
The iguana closely misses you. The scorpion stings you.
Casting: Foxfire (safe; 3% risk of failure)
Confirm with . or Enter, or press ? or * to list all spells.
You don't have enough magic to cast this spell.
Unknown command.
Magic courses through your body. The iguana bites you.
* * * LOW HITPOINT WARNING * * *
The scorpion stings you but does no damage.
Casting: Foxfire (safe; 3% risk of failure)
Confirm with . or Enter, or press ? or * to list all spells.
You conjure some foxfire!
The iguana bites you.
* * * LOW HITPOINT WARNING * * *
The scorpion barely misses you.
Casting: Foxfire (safe; 3% risk of failure)
Confirm with . or Enter, or press ? or * to list all spells.
You miscast Scorch.
Nothing appears to happen.
The foxfire hits the scorpion.
The scorpion is almost dead.
The foxfire hits the scorpion.
You kill the scorpion!
The iguana bites you!
You die...

#........###.......
#........# #.......
#.<.....(# #.......
#######...### ####....
##...# #...########.###
##.....##...............
#.......#.#.##..........
#.....§§#.#.###.........
#......@#v#.###.........
##....††l...............
#.....##.#.##..........
#...... #.#.##.^........
#...... #.#.#####.......
#...... #.#.# ###.#...
##..... #.#.# #.>...
##...# #...## #.....
##...## #.#...


You could see an iguana.

Vanquished Creatures
  A scorpion (D:4)
  An orc priest (D:4)
  An iguana (D:3)
  3 adders
  5 dart slugs
  3 orcs
  10 bats
  2 endoplasms
  5 giant cockroaches
  9 goblins
  8 hobgoblins
  2 jackals
  6 quokkas
  3 ball pythons
  A frilled lizard (D:2)
  11 kobolds
  6 rats
77 creatures vanquished.

Vanquished Creatures (others)
  An endoplasm (D:4)
  218 foxfires
219 creatures vanquished.

Grand Total: 296 creatures vanquished

Notes
Turn   | Place    | Note
-------+----------+-------------------------------------------
     0 | D:1      | funkygono the Gargoyle Fire Elementalist began the quest
                  | for the Orb.
     0 | D:1      | Reached XP level 1. HP: 10/10 MP: 3/3
   226 | D:1      | Reached XP level 2. HP: 15/15 MP: 1/5
   409 | D:1      | Learned a level 2 spell: Scorch
   546 | D:1      | Reached XP level 3. HP: 19/19 MP: 1/6
  1718 | D:2      | Reached XP level 4. HP: 24/24 MP: 4/8
  1808 | D:2      | Learned a level 4 spell: Flame Wave
  2593 | D:3      | Reached skill level 4 in Fire Magic
  2767 | D:3      | Reached XP level 5. HP: 14/28 MP: 0/9
  3236 | D:3      | Found a bloodstained altar of Trog.
  3344 | D:3      | Learned a level 1 spell: Shock
  3574 | D:4      | Found a radiant altar of Vehumet.
  3753 | D:4      | Slain by an iguana

Illustrated notes

Levels and vault maps discovered:
D:1:      roderic_octagonal_star, layout_loops_ring, minmay_tall_x
D:2:      layout_loops_corners, grunt_decor_fettered, minmay_unequal
D:3:      layout_loops_ring, bloody_trog
D:4:      layout_rooms, fiery_altar_vehumet

Skill      XL: |  1  2  3  4 |
---------------+-------------+-----
Dodging        | 2 |  2.1
Spellcasting   | 3 |  3.6
Fire Magic     | 4 |  4.1
Conjurations   | 2 |  2.6
Stealth        | |  2.1

Action                     |  1- 3 |  4- 6 || total
---------------------------+-------+-------++-------
  Melee: Unarmed           |     6 |       ||     6
         Club              |     1 |       ||     1
         Whip              |       |     2 ||     2
   Cast: Foxfire           |    66 |    64 ||   130
         Scorch            |     1 |     8 ||     9
         Shock             |       |    13 ||    13
    Use: Scroll            |       |     6 ||     6
         Potion            |       |     1 ||     1
 Armour: Robe              |    13 |    15 ||    28
  Dodge: Dodged            |    21 |    21 ||    42

Table legend: (Time is in decaauts)
 A = Elapsed time spent in this place.
 B = Non-inter-level travel time spent in this place.
 C = Inter-level travel time spent in this place.
 D = Time resting spent in this place.
 E = Time spent auto-exploring this place.
 F = Levels seen in this place.
 G = Mean time per level.
                   A        B        C        D        E       F      G
               +--------+--------+--------+--------+--------+-----+--------+
         Total |   3752 |   3671 |     81 |     90 |   3033 |   4 |  938.0 |
       Dungeon |   3752 |   3671 |     81 |     90 |   3033 |   4 |  938.0 |
               +--------+--------+--------+--------+--------+-----+--------+

Top non-repeatable levels by time:
     D:2: 1235 daAuts
     D:1: 1192 daAuts
     D:3: 1020 daAuts
     D:4: 303 daAuts
